 Dungeon Crawl Stone Soup version 0.15-a0-271-g6095dc6 (webtiles) character file.

253 PolkaDot the Caller (level 4, 0/30 HPs)
             Began as a Vampire Summoner on Apr 28, 2014.
             Succumbed to a goblin's poison
             ... on Level 3 of the Dungeon.
             The game lasted 00:08:25 (1928 turns).

PolkaDot the Caller (Vampire Summoner)              Turns: 1928, Time: 00:08:25

HP   0/30        AC  4     Str  7      XL: 4   Next: 43%
MP   3/8         EV 12     Int 18      God:
Gold 155         SH  0     Dex 14      Spells:  3 memorised,  2 levels left

rFire  x . .     SeeInvis +     d - +0 dagger
rCold  + . .     Clarity  .     a - +0 robe
rNeg   . . .     Conserve .     (no shield)
rPois  .         rCorr    +     n - +0 helmet (curse)
rElec  .         rRot     .     (no cloak)
SustAb . .       Spirit   .     m - +0 pair of gloves
rMut   .         Warding  .     (no boots)
Saprov . . .     Stasis   .     k - amulet of resist corrosion
MR     .....                    (no ring)
                                c - ring of ice

@: regenerating very quickly, about to teleport, lethally poisoned, not
resistant to hostile enchantments, stealthy
A: fangs 3, see invisible, unbreathing
a: no special abilities


You were on level 3 of the Dungeon.
You were almost alive.

You visited 1 branch of the dungeon, and saw 3 of its levels.

You collected 155 gold pieces.

Inventory:

Hand weapons
 d - a +0,+0 dagger (weapon)
Armour
 a - a +0 robe (worn)
 e - a +0 helmet
 m - a +0 pair of gloves (worn)
 n - a cursed +0 helmet (worn)
Scrolls
 h - 2 scrolls of identify {unknown}
 j - 2 scrolls of remove curse {unknown}
 l - a scroll of enchant weapon I {unknown}
 o - a scroll of random uselessness {unknown}
 q - 2 scrolls of teleportation
 r - a scroll of immolation {unknown}
 s - 2 scrolls of noise {unknown}
Jewellery
 c - a ring of ice (left hand)
 k - an amulet of resist corrosion (around neck)
Potions
 f - a potion of lignification {unknown}
 g - 2 potions of curing {unknown}
 i - a potion of heal wounds {unknown}
 p - a potion of flight {unknown}
Books
 b - a book of Callings

   Spells                             Type                      Level
   *Summon Small Mammal               Summoning                    1
   *Call Imp                          Summoning                    2
   *Call Canine Familiar              Summoning                    3
   Summon Guardian Golem              Hexes/Summoning              4
   Summon Lightning Spire             Summoning/Air                4
   Summon Ice Beast                   Ice/Summoning                4


   Skills:
 - Level 2.1 Dodging
 - Level 3.0 Stealth
 + Level 2.7 Spellcasting
 * Level 5.5 Summonings


You had 2 spell levels left.
You knew the following spells:

 Your Spells              Type           Power        Failure   Level  Hunger
a - Summon Small Mammal   Summ           ###.         1%          1    None
d - Call Canine Familiar  Summ           ###.....     6%          3    ###....
s - Call Imp              Summ           ###.....     2%          2    ##.....


Dungeon Overview and Level Annotations

Branches:
Dungeon (3/15)

Altars:


Innate Abilities, Weirdness & Mutations

Your natural rate of healing is extremely fast.
You have razor-sharp teeth.*
You have supernaturally acute eyesight.
You can survive without breathing.*


Message History

Your white imp hits the goblin.
Your white imp freezes the goblin.
The goblin dies!
You swap places.
* * * LOW HITPOINT WARNING * * *
You feel sick.
Your rat disappears in a puff of smoke!
Things that are here:
an adder corpse; a quokka corpse; a dagger Drink blood from a quokka corpse? (ye/n/q/i?) This warm blood tastes delicious!
You stop draining the corpse.
All blood oozes out of the corpse!
* * * LOW HITPOINT WARNING * * *
You feel sick.
Drink which item? (? for menu, Esc to quit)
Okay, then.
If it's blood you're after, try e.
Read which item? (? for menu, Esc to quit)
As you read the scroll labeled BEWEVYADYP, it crumbles to dust.
You feel strangely unstable.
It was a scroll of teleportation.
You die...

#!# #. # .....# #.# #
......# ###.#######
.......# #........##
........# #........##
........# #........##
........######..........
........)5...............
........@§...............
#######.##.####..........
...#.....%..........
.....##.....##########
≈≈≈.... #..............<
≈..... #.....##########
≈.... ####### .... .


You could see a friendly white imp.

Vanquished Creatures
  2 adders
  2 giant geckos
  8 bats
  7 goblins
  7 hobgoblins
  4 jackals (D:1)
  4 kobolds
  A quokka (D:3)
  A ball python (D:1)
  A giant newt (D:1)
  2 rats
39 creatures vanquished.

Vanquished Creatures (collateral kills)
  3 adders
  A giant mite (D:3)
  An orc (D:3)
  2 bats
  A giant cockroach (D:1)
  4 hobgoblins
  2 quokkas
  A giant newt (D:1)
  5 goblins
  2 kobolds
  A rat (D:3)
23 creatures vanquished.

Vanquished Creatures (others)
  A hound (D:3)
  A white imp (D:3)
  A bat (D:1)
  2 quokkas (D:1)
  4 rats (D:1)
9 creatures vanquished.

Grand Total: 71 creatures vanquished

Notes
Turn   | Place    | Note
--------------------------------------------------------------
     0 | D:1      | PolkaDot, the Vampire Summoner, began the quest for the Orb.
     0 | D:1      | Reached XP level 1. HP: 13/13 MP: 3/3
     3 | D:1      | Noticed a shark
     3 | D:1      | Noticed a shark
   200 | D:1      | Reached XP level 2. HP: 8/19 MP: 0/4
   575 | D:1      | Reached XP level 3. HP: 8/24 MP: 2/6
  1037 | D:2      | Learned a level 2 spell: Call Imp
  1041 | D:2      | Learned a level 3 spell: Call Canine Familiar
  1403 | D:2      | Reached skill level 5 in Summonings
  1735 | D:2      | Reached XP level 4. HP: 28/30 MP: 0/8
  1927 | D:3      | HP: 1/30 [poisoned by a goblin]
  1928 | D:3      | Succumbed to a goblin's poison

Action                   |  1- 3 |  4- 6 || total
-------------------------+-------+-------++-------
Melee: Unarmed           |    21 |       ||    21
       Dagger            |   174 |    43 ||   217
 Cast: Summon Small Mamm |    22 |     1 ||    23
       Call Canine Famil |     3 |     3 ||     6
       Call Imp          |       |     2 ||     2
  Use: Potion            |     1 |       ||     1
       Scroll            |       |     1 ||     1
 Stab: Sleeping          |     3 |       ||     3
